 Dungeon Crawl Stone Soup version 0.24-a0-7-g1bb0902 (webtiles) character file.

Game seed: 5093365677719969180

11643 trore the Grappler (level 11, -1/118 HPs)
             Began as a Troll Hunter on Jan 30, 2019.
             Was a High Priest of Okawaru.
             Slain by Sonja
             ... wielding a +1 short sword of draining
              (3 damage)
             ... on level 10 of the Dungeon.
             The game lasted 00:19:50 (8493 turns).

trore the Grappler (Troll Hunter)                   Turns: 8493, Time: 00:19:52

Health: -1/118     AC:  4    Str: 22    XL:     11   Next: 52%
Magic:  9/11       EV: 10    Int: 10    God:    Okawaru [*****.]
Gold:   371        SH:  0    Dex: 16    Spells: 10/10 levels left

rFire    . . .     SeeInvis +     - Unarmed
rCold    + . .     Gourm    +   (no shield)
rNeg     . . .     Faith    .   k - +0 robe {rC+}
rPois    +         Spirit   .   (helmet restricted)
rElec    .         Reflect  .   r - +2 cloak
rCorr    .         Harm     .   (gloves unavailable)
MR       .....                  (boots unavailable)
Stlth    ++........             (no amulet)
HPRegen  1.09/turn              D - +3 ring of protection
MPRegen  0.12/turn              t - ring "Bayhyq" {*Drain rPois AC-4 Dex+6 SInv}

@: lethally poisoned (-1 -> -2), heroism, corroded, very heavily drained
A: large, unfitting armour, claws 3, hooves 1, blurry vision 1, fast metabolism
3, gourmand, high mp 1, regeneration 2, shaggy fur 1, tough skin 3, evolution 1
a: Heroism, Finesse, Renounce Religion


You were on level 10 of the Dungeon.
You worshipped Okawaru.
Okawaru was extremely pleased with you.
You were very full.

You visited 2 branches of the dungeon, and saw 11 of its levels.

You collected 371 gold pieces.

Inventory:

Armour
 k - a +0 robe of cold resistance (worn)
 r - a +2 cloak (worn)
Jewellery
 t - the ring "Bayhyq" (right claw) {*Drain rPois AC-4 Dex+6 SInv}
   (You found it on level 4 of the Dungeon)

   [ring of protection]

   It affects your AC (-4).
   It affects your dexterity (+6).
   It protects you from poison.
   It lets you see invisible.
   It causes draining when unequipped.
 D - a +3 ring of protection (left claw)
Wands
 x - a wand of paralysis (3)
 z - a wand of digging (4)
 B - a wand of random effects (22)
 F - a wand of iceblast (5)
 H - a wand of flame (10)
 K - a wand of disintegration (13)
Scrolls
 a - 3 scrolls of amnesia {unknown}
 b - 2 scrolls of fog {unknown}
 c - a scroll of vulnerability {unknown}
 g - 4 scrolls of fear
 h - 7 scrolls of remove curse
 i - a scroll of immolation {unknown}
 j - 6 scrolls of teleportation
 m - 2 scrolls of blinking {unknown}
 n - 5 scrolls of enchant armour
 y - 2 scrolls of magic mapping {unknown}
 A - 3 scrolls of enchant weapon {unknown}
 I - a scroll of brand weapon {unknown}
Potions
 e - 3 potions of lignification
 o - a potion of degeneration {unknown}
 p - 3 potions of curing
 q - 3 potions of ambrosia
 s - 2 potions of might
 u - a potion of resistance {unknown}
 v - 2 potions of brilliance {unknown}
 w - a potion of heal wounds {unknown}
 C - a potion of flight {unknown}
 E - 3 potions of mutation
 G - 2 potions of agility {unknown}
 J - a potion of berserk rage {unknown}
Comestibles
 d - 4 chunks of flesh
 f - 17 rations


   Skills:
 - Level 10.3(9.6) Fighting
 - Level 3.6(3.7) Throwing
 - Level 1.5(1.9) Dodging
 - Level 0.3(0.9) Stealth
 + Level 13.5(12.4) Unarmed Combat


You had 10 spell levels left.
You didn't know any spells.
Your spell library contained the following spells:

 Spells                   Type           Power        Failure   Level  Hunger
 Animate Skeleton         Necr           N/A          36%         1    ##.....
 Apportation              Tloc           #.....       36%         1    ##.....
 Confusing Touch          Hex            #.....       36%         1    ##.....
 Shock                    Conj/Air       #...         36%         1    ##.....
 Sting                    Conj/Pois      #...         36%         1    ##.....
 Summon Small Mammal      Summ           #...         36%         1    ##.....
 Poisonous Vapours        Pois/Air       #.....       50%         2    ###....
 Swiftness                Chrm/Air       #.......     50%         2    ###....
 Confuse                  Hex            #.......     75%         3    ####...
 Gell's Gravitas          Tloc           #.........   75%         3    ####...
 Mephitic Cloud           Conj/Pois/Air  #.......     75%         3    ####...
 Static Discharge         Conj/Air       #.......     75%         3    ####...
 Airstrike                Air            #.........   98%         4    #####..
 Olgreb's Toxic Radiance  Pois           #.......     98%         4    #####..
 Petrify                  Tmut/Erth      #.......     98%         4    #####..
 Lightning Bolt           Conj/Air       #.........   100%        5    ######.
 Metabolic Englaciation   Hex/Ice        #.........   100%        5    ######.
 Venom Bolt               Conj/Pois      #.........   100%        5    ######.
 Yara's Violent Unravell  Hex/Tmut       #.........   100%        5    ######.


Dungeon Overview and Level Annotations

Branches:
Dungeon (10/15)            Temple (1/1) D:6            Lair (0/6) D:8
    Orc: D:9-12

Altars:
Ashenzari
Cheibriados
Dithmenos
Elyvilon
Fedhas
Gozag
Hepliaklqana
Kikubaaqudgha
Makhleb
Nemelex Xobeh
Okawaru
Qazlal
Ru
Sif Muna
Trog
Uskayaw
Vehumet
Wu Jian
Xom
Yredelemnul
Zin
The Shining One

Annotations:
D:5 2 transporters, Wired's ghost, novice FeTm
D:9 1 runed translucent door, Lilu's ghost, journeyman DECj
D:10 Sonja


Innate Abilities, Weirdness & Mutations

You are too large for most types of armour.
You have claws for hands.
Your metabolism is lightning-fast.
You like to eat raw meat.
You heal very quickly.
You are covered in fur. (AC +1)
You have extremely tough skin. (AC +3)
You have large cloven feet.
Scrolls take you a little longer to read.
You have an increased reservoir of magic. (+10% MP)
You evolve.


Message History

* * * LOW HITPOINT WARNING * * *
You feel drained.
* * * LOW HITPOINT WARNING * * *
Sonja hits you with a +1 short sword of draining.
* * * LOW HITPOINT WARNING * * *
You feel drained. Sonja hits you but does no damage.
You feel drained.
You gain the combat prowess of a mighty hero.
You feel yourself speed up. Sonja hits you but does no damage.
You feel drained.
Sonja hits you with a +1 short sword of draining.
* * * LOW HITPOINT WARNING * * *
You feel drained.
Sonja hits you with a +1 short sword of draining!
* * * LOW HITPOINT WARNING * * *
You feel drained.
* * * LOW HITPOINT WARNING * * *
Sonja hits you with a +1 short sword of draining!
* * * LOW HITPOINT WARNING * * *
You feel drained.
You die...

######## ###+########
#......# #...(....(.#
#..<...# #..........+
#......# #..........#
#......#.+(.........#
.........#..........#
.......###......K...#
#.###### #.....(@...#
..# ######(##### .##
###.(# ###### #...##
.÷...# #.### .....#
###.#######
.....#####.........#
........##.........##
.....##......÷.......


You could see Sonja.

Vanquished Creatures
  Harold (D:9)
  2 two-headed ogres (D:9)
  3 death yaks (D:8)
  Maurice (D:8)
  Joseph (D:8)
  Prince Ribbit (D:5)
  5 hippogriffs
  5 yaks (D:9)
  Sigmund (D:2)
  Eustachio (D:5)
  A human (D:8)
  A wyvern (D:9)
  4 hogs (D:8)
  Edmund (D:5)
  A water moccasin (D:8)
  A sky beast (D:6)
  4 phantoms
  A porcupine (D:8)
  4 orc warriors
  2 black bears
  2 ice beasts
  5 ogres
  3 centaurs
  3 bullfrogs
  A wyvern skeleton (D:7)
  4 scorpions
  13 wights
  3 crimson imps
  A bullfrog zombie (D:9)
  5 orc priests
  A bullfrog skeleton (D:4)
  3 hounds
  A centaur skeleton (D:6)
  A jelly (D:5)
  Crazy Yiuf (D:5)
  6 iguanas
  4 orc wizards
  A hell rat (D:8)
  2 worker ants
  Ijyb (D:5)
  2 hound zombies (D:6)
  A hound skeleton (D:8)
  Robin (D:4)
  3 gnolls (D:6)
  7 adders
  A river rat (D:8)
  An adder zombie (D:9)
  An ooze (D:7)
  An adder skeleton (D:5)
  4 worms
  2 leopard geckos
  21 orcs
  3 bats
  2 giant cockroaches
  15 goblins
  8 hobgoblins
  3 jackals (D:2)
  10 kobolds
  13 quokkas
  3 frilled lizards
  A leopard gecko skeleton (D:6)
  4 rats
209 creatures vanquished.

Notes
Turn   | Place    | Note
-------+----------+-------------------------------------------
     0 | D:1      | trore the Troll Hunter began the quest for the Orb.
     0 | D:1      | Reached XP level 1. HP: 19/19 MP: 0/0
   108 | D:1      | Reached skill level 1 in Unarmed Combat
   294 | D:1      | Reached XP level 2. HP: 27/27 MP: 1/1
   661 | D:2      | Reached skill level 2 in Unarmed Combat
   804 | D:2      | Reached skill level 3 in Unarmed Combat
   804 | D:2      | Reached XP level 3. HP: 22/33 MP: 2/2
   944 | D:2      | Noticed Sigmund
   958 | D:2      | Killed Sigmund
   958 | D:2      | Reached skill level 5 in Unarmed Combat
   958 | D:2      | Reached XP level 4. HP: 11/41 MP: 3/3
   958 | D:2      | Reached XP level 5. HP: 13/48 MP: 4/4
  1767 | D:3      | Found a white marble altar of Elyvilon.
  1770 | D:3      | Found a sparkling altar of Nemelex Xobeh.
  1773 | D:3      | Found an ornate altar of the Wu Jian Council.
  2183 | D:3      | Reached XP level 6. HP: 51/55 MP: 5/5
  2222 | D:3      | Found a deep blue altar of Sif Muna.
  2371 | D:4      | Reached skill level 6 in Unarmed Combat
  2439 | D:4      | Got a bound iron ring
  2522 | D:4      | Noticed a -1 hand axe
  2522 | D:4      | Noticed a +0 dagger
  2645 | D:4      | Found a hide-covered altar of Uskayaw.
  2752 | D:4      | Noticed Robin
  2783 | D:4      | Reached skill level 7 in Unarmed Combat
  2787 | D:4      | Killed Robin
  2787 | D:4      | Reached XP level 7. HP: 37/62 MP: 6/6
  2951 | D:4      | Reached skill level 8 in Unarmed Combat
  3309 | D:5      | Entered Level 5 of the Dungeon
  3309 | D:5      | Noticed Edmund
  3316 | D:5      | Killed Edmund
  3361 | D:5      | Found an opulent altar of Gozag.
  3364 | D:5      | Found a glowing silver altar of Zin.
  3367 | D:5      | Found a shadowy altar of Dithmenos.
  3370 | D:5      | Found a shattered altar of Ashenzari.
  3439 | D:5      | Found a transporter.
  3441 | D:5      | Noticed Wired's ghost (novice FeTm)
  3476 | D:5      | Noticed Ijyb
  3491 | D:5      | Killed Ijyb
  3494 | D:5      | Reached skill level 9 in Unarmed Combat
  3511 | D:5      | Reached XP level 8. HP: 63/70 MP: 7/7
  3623 | D:5      | Noticed Eustachio
  3629 | D:5      | Killed Eustachio
  3664 | D:5      | Found a runed translucent door.
  3665 | D:5      | Noticed Crazy Yiuf
  3692 | D:5      | Found a transporter.
  3735 | D:5      | Noticed Prince Ribbit
  3744 | D:5      | Reached skill level 10 in Unarmed Combat
  3750 | D:5      | Killed Prince Ribbit
  4028 | D:5      | Killed Crazy Yiuf
  4083 | D:6      | Reached skill level 11 in Unarmed Combat
  4289 | D:6      | Found an ancient bone altar of Kikubaaqudgha.
  4411 | D:6      | Found a staircase to the Ecumenical Temple.
  4444 | D:6      | Reached XP level 9. HP: 51/76 MP: 8/8
  4553 | Temple   | Entered the Ecumenical Temple
  4771 | Temple   | Became a worshipper of Warmaster Okawaru
  5104 | D:6      | Found a sparkling altar of Nemelex Xobeh.
  5563 | D:7      | Identified the cursed ring "Bayhyq" {*Drain rPois AC-4
                  | Dex+6 SInv} (You found it on level 4 of the Dungeon)
  5789 | D:7      | Reached * piety under Okawaru
  6043 | D:8      | Noticed Joseph
  6061 | D:8      | Killed Joseph
  6061 | D:8      | Reached skill level 5 in Fighting
  6276 | D:8      | Noticed Maurice
  6283 | D:8      | Killed Maurice
  6283 | D:8      | Reached ** piety under Okawaru
  6423 | D:8      | Reached XP level 10. HP: 79/100 MP: 9/9
  6506 | D:8      | Noticed a death yak
  6515 | D:8      | Killed a death yak
  6518 | D:8      | Noticed a death yak
  6520 | D:8      | Noticed a death yak
  6525 | D:8      | Killed a death yak
  6533 | D:8      | Killed a death yak
  6533 | D:8      | Reached *** piety under Okawaru
  6703 | D:8      | Found a staircase to the Lair.
  6907 | D:8      | Reached **** piety under Okawaru
  7377 | D:9      | Found a runed translucent door.
  7379 | D:9      | Noticed Lilu's ghost (journeyman DECj)
  7567 | D:9      | Reached skill level 10 in Fighting
  7591 | D:9      | Reached XP level 11. HP: 101/118 MP: 10/10
  7622 | D:9      | Noticed Harold
  7634 | D:9      | Killed Harold
  7634 | D:9      | Received a gift from Okawaru
  7634 | D:9      | Reached skill level 12 in Unarmed Combat
  7642 | D:9      | Noticed a two-headed ogre
  7648 | D:9      | Killed a two-headed ogre
  7769 | D:9      | Found a blossoming altar of Fedhas.
  7906 | D:9      | Noticed a two-headed ogre
  7911 | D:9      | Killed a two-headed ogre
  7911 | D:9      | Reached ***** piety under Okawaru
  8015 | D:9      | Found an opulent altar of Gozag.
  8079 | D:9      | Found a stormy altar of Qazlal.
  8108 | D:9      | Reached skill level 13 in Unarmed Combat
  8335 | D:10     | Entered Level 10 of the Dungeon
  8450 | D:10     | Gained mutation: Your body sometimes deteriorates upon
                  | taking damage. [potion of mutation]
  8450 | D:10     | Gained mutation: You have large cloven feet. [potion of
                  | mutation]
  8450 | D:10     | Gained mutation: You heal very quickly. [potion of
                  | mutation]
  8450 | D:10     | Gained mutation: You possess an exceptional clarity of
                  | mind. [potion of mutation]
  8451 | D:10     | Lost mutation: You possess an exceptional clarity of mind.
                  | [potion of mutation]
  8451 | D:10     | Lost mutation: Your body sometimes deteriorates upon taking
                  | damage. [potion of mutation]
  8451 | D:10     | Gained mutation: Scrolls take you a little longer to read.
                  | [potion of mutation]
  8451 | D:10     | Gained mutation: You have an increased reservoir of magic.
                  | (+10% MP) [potion of mutation]
  8451 | D:10     | Gained mutation: You evolve. [potion of mutation]
  8479 | D:10     | Noticed Sonja
  8493 | D:10     | HP: 2/118 [Sonja/+1 short sword of draining (7)]
  8493 | D:10     | Slain by Sonja

Vault maps used:
D:1:      giann_forest_graveyard, minmay_misc_feat_diagonals
D:2:      minmay_door_square, uniq_sigmund
D:3:      led_sif_book, grunt_temple_overflow_diamond
D:4:      dancing_weapons_uskayaw, first_ration, dk_noncrumbling_3, uniq_robin
D:5:      grunt_temple_overflow_cloverleaf, gammafunk_ghost_smash, st_stairs_1,
          uniq_ijyb, uniq_prince_ribbit1, uniq_eustachio,
          uniq_crazy_yiuf_cottage, uniq_edmund
D:6:      kiku_gazebo_pond_becter, temple_pool_b, nemelex_diamond_rough_becter
D:8:      dpeg_lair_monsters, grunt_livestock, uniq_maurice, uniq_joseph
D:9:      lemuel_doored_altar, grunt_qazlal_clouds,
          hellmonk_ghost_happy_afterlife, grunt_ministairs_15,
          grunt_gozag_statues, uniq_harold
D:10:     gammafunk_ghost_arena, serial_curves, eino_curves_04, eino_curves_02,
          uniq_sonja
Temple:   chequers_temple_sunken

Skill      XL: |  1  2  3  4  5  6  7  8  9 10 11 |
---------------+----------------------------------+-----
Unarmed Combat | 1 3 5 7 9 11 13 | 13.5
Fighting       | 6 10 | 10.3
Throwing       | |  3.6
Dodging        | |  1.5
Stealth        | |  0.3

Action                   |  1- 3 |  4- 6 |  7- 9 | 10-12 || total
-------------------------+-------+-------+-------+-------++-------
Melee: Unarmed           |    74 |   111 |   264 |   211 ||   660
       Punch             |     1 |     2 |    13 |    15 ||    31
       Kick              |       |       |       |     3 ||     3
Throw: Large rock        |     1 |       |    10 |     8 ||    19
Invok: Heroism           |       |       |       |     2 ||     2
  Use: Potion            |       |       |       |     3 ||     3
       Scroll            |       |       |       |     8 ||     8
 Stab: Sleeping          |       |     1 |       |       ||     1
  Eat: Chunk             |    14 |    12 |    39 |    18 ||    83
Armor: Robe              |    16 |    41 |    70 |    63 ||   190
       Skin              |       |       |       |     6 ||     6
Dodge: Dodged            |    32 |    50 |   112 |    80 ||   274

Table legend:
 A = Non-vault XP
 B = Vault XP
 C = Vault XP percentage of total XP
 D = Non-vault monster count
 E = Vault monster count
 F = Vault count percentage of total count
                 A         B        C        D         E       F
            +---------+---------+-------+---------+---------+-------
      Total |    9945 |    6688 |  40.2 |     173 |      36 |  17.2
            +---------+---------+-------+---------+---------+-------
        D:1 |      14 |       0 |   0.0 |       8 |       0 |   0.0
        D:2 |      88 |     212 |  70.7 |      24 |       1 |   4.0
        D:3 |      68 |       0 |   0.0 |      17 |       0 |   0.0
        D:4 |     672 |      40 |   5.6 |      10 |      13 |  56.5
        D:5 |     528 |     754 |  58.8 |       9 |       7 |  43.8
        D:6 |    1103 |       0 |   0.0 |      29 |       0 |   0.0
        D:7 |     857 |       0 |   0.0 |      19 |       0 |   0.0
        D:8 |     613 |    4722 |  88.5 |      18 |      14 |  43.8
        D:9 |    4629 |     960 |  17.2 |      32 |       1 |   3.0
       D:10 |    1373 |       0 |   0.0 |       7 |       0 |   0.0
            +---------+---------+-------+---------+---------+-------
